 Dungeon Crawl Stone Soup version 0.26.0-90-g5fd8617961 (webtiles) character file.

Game seed: 15040679696115358702

179 Marvel the Ruffian (level 5, -1/46 HPs)
             Began as a Ghoul Monk on Feb 2, 2021.
             Slain by an orc wizard
             ... wielding a +0 dagger
              (4 damage)
             ... on level 4 of the Dungeon.
             The game lasted 00:12:04 (3728 turns).

Marvel the Ruffian (Ghoul Monk)                     Turns: 3728, Time: 00:12:05

Health: -1/46      AC:  2    Str: 16    XL:     5   Next: 59%
Magic:  13/13      EV: 13    Int:  5    God:
Gold:   129        SH:  5    Dex: 11    Spells: 4/4 levels left

rFire    + . .     SeeInvis .     - Unarmed
rCold    + . .     Faith    .   (no shield)
rNeg     + + +     Spirit   .   a - +0 robe
rPois    ∞         Reflect  +   (no helmet)
rElec    .         Harm     .   (no cloak)
rCorr    .         Rampage  .   (no gloves)
Will     .....                  (no boots)
Stlth    ++........             f - amulet of reflection
HPRegen  0.00/turn              r - ring of magical power
MPRegen  0.13/turn              t - ring of protection from fire

@: hasted, very quick
A: claws 1, cold resistance 1, negative energy resistance 3, inhibited
regeneration, torment resistance, unbreathing
a: no special abilities


You were on level 4 of the Dungeon.
You visited 1 branch of the dungeon, and saw 4 of its levels.

You collected 129 gold pieces.

Inventory:

Missiles
 p - 8 poisoned darts (quivered)
 q - 8 boomerangs
Armour
 a - a +0 robe (worn)
Jewellery
 f - an amulet of reflection (around neck)
 r - a ring of magical power (left claw)
 t - a ring of protection from fire (right claw)
Scrolls
 b - a scroll of teleportation
 e - a scroll of noise
 h - 2 scrolls of remove curse {unknown}
Potions
 c - 2 potions of berserk rage
 d - a potion of ambrosia
 g - 2 potions of degeneration {unknown}
 j - a potion of invisibility {unknown}
 n - 2 potions of attraction {unknown}
 o - 2 potions of curing
 s - a potion of magic


   Skills:
 + Level 3.8 Fighting
 * Level 4.0 Dodging
 - Level 2.1 Stealth
 + Level 5.2 Unarmed Combat


You had 4 spell levels left.
You didn't know any spells.
Your spell library contained the following spells:

 Spells                   Type           Power        Failure   Level
 Corona                   Hex            0%           47%         1
 Shock                    Conj/Air       0%           47%         1
 Ensorcelled Hibernation  Hex/Ice        0%           63%         2
 Swiftness                Air            0%           63%         2
 Confusing Touch          Hex            0%           85%         3
 Dazzling Flash           Conj/Hex       0%           85%         3
 Static Discharge         Conj/Air       0%           85%         3
 Tukima's Dance           Hex            0%           85%         3
 Airstrike                Air            0%           99%         4
 Lightning Bolt           Conj/Air       0%           100%        5


Dungeon Overview and Level Annotations

Branches:
Dungeon (4/15)
 Temple: D:4-7

Altars:
Ru

Annotations:
D:4 exclusion: ogre, Sigmund


Innate Abilities, Weirdness & Mutations

You thrive by killing the living.
You are immune to poison.
You have sharp fingernails.
Your flesh is cold resistant. (rC+)
You are immune to negative energy. (rN+++)
You do not regenerate when monsters are visible.
You are immune to unholy pain and torment.
You can survive without breathing.


Message History

The orc wizard points at you and mumbles some strange words.
The magic dart hits you!
* * * LOW HITPOINT WARNING * * *
You scratch the orc wizard.
The orc wizard is moderately wounded.
The orc wizard misses you. The orc closely misses you.
You claw the orc wizard!
The orc wizard is almost dead.
The orc wizard hits you with a +0 dagger.
* * * LOW HITPOINT WARNING * * *
Okay, then.
You miss the orc wizard.
The orc wizard is almost dead.
You block the orc wizard's attack.
The orc throws a boomerang.
You reflect the boomerang off an invisible shield around you!
The boomerang hits the orc.
The weapon returns to the orc!
You scratch the orc wizard.
The orc wizard is almost dead.
The orc wizard hits you with a +0 dagger.
You die...

....#......................
... #......................
#....>.................
###.##############+###' ##
#........ ........ #........
........ #........ ........
#........ ........ .
#####@o...... ........ ..
#...o.).############## ..
+....o..#............. o.
#.......#............. #.
#..(....#.##.##'##'##.
..##.(###....##.##.##.##.###
........'....#.........#....
......(.#....#.........#....
[.......#....#.........#....


You could see an orc wizard (fast) and 2 orcs.

Vanquished Creatures
  3 orc wizards (D:4)
  An ooze (D:4)
  3 worms
  2 dart slugs (D:1)
  4 leopard geckos
  5 orcs
  4 bats
  3 giant cockroaches
  9 hobgoblins
  10 jackals
  A quokka (D:2)
  5 frilled lizards
  8 goblins
  2 kobolds
  6 rats
66 creatures vanquished.

Notes
Turn   | Place    | Note
-------+----------+-------------------------------------------
     0 | D:1      | Marvel the Ghoul Monk began the quest for the Orb.
     0 | D:1      | Reached XP level 1. HP: 19/19 MP: 0/0
   108 | D:1      | Reached XP level 2. HP: 16/26 MP: 1/1
   838 | D:1      | Reached XP level 3. HP: 26/31 MP: 2/2
  1737 | D:2      | Found a faded altar of an unknown god.
  1772 | D:2      | Reached skill level 4 in Unarmed Combat
  2091 | D:2      | Reached XP level 4. HP: 40/40 MP: 3/3
  3040 | D:4      | Noticed an ogre
  3200 | D:4      | Reached XP level 5. HP: 21/46 MP: 4/4
  3447 | D:4      | Found a sacrificial altar of Ru.
  3582 | D:4      | Noticed Sigmund
  3723 | D:4      | Reached skill level 5 in Unarmed Combat
  3728 | D:4      | Slain by an orc wizard

Illustrated notes

Levels and vault maps discovered:
D:1:      nicolae_arrival_memento_mori, layout_rooms, minmay_hedge_maze,
          minmay_misc_feat_encased
D:2:      layout_rooms, chequers_ecumenical_altar_simple, palyth_stone_intersect
D:3:      layout_basic
D:4:      layout_gridville, lemuel_round_altar, uniq_sigmund

Skill      XL: |  1  2  3  4  5 |
---------------+----------------+-----
Dodging        | 3 4 |  4.0
Unarmed Combat | 4 5 |  5.2
Fighting       | |  3.8
Stealth        | |  2.1

Action                   |  1- 3 |  4- 6 || total
-------------------------+-------+-------++-------
Melee: Unarmed           |   137 |    83 ||   220
       Punch             |     1 |     1 ||     2
Throw: Boomerang         |       |    16 ||    16
       Dart              |       |     3 ||     3
  Use: Scroll            |       |    11 ||    11
       Potion            |       |     1 ||     1
 Stab: Sleeping          |     3 |     4 ||     7
Armor: Robe              |    21 |     5 ||    26
Dodge: Dodged            |    97 |    39 ||   136
Block: Other             |       |     7 ||     7
       Reflection        |       |     1 ||     1
